 Dungeon Crawl Stone Soup version 0.31-a0-819-gf6de2f5ab6 (webtiles) character file.

Game seed: 6109337305289150300

324 qw the Shooter (level 6, -3/38 HPs)
             Began as a Gargoyle Hunter on Sept 23, 2023.
             Slain by a gnoll
             ... wielding a +0 halberd
             ... led by a gnoll bouda
              (7 damage)
             ... on level 4 of the Dungeon.
             The game lasted 00:01:01 (2599 turns).

qw the Shooter (Gargoyle Hunter)                    Turns: 2599, Time: 00:01:01

Health: -3/38      AC: 16    Str: 15    XL:     6   Next: 48%
Magic:  6/6        EV: 11    Int:  9    God:
Gold:   177        SH:  0    Dex: 15    Spells: 5/5 levels left

rFire   + . .        Y - +4 shortbow (freeze)
rCold   . . .        (shield currently unavailable)
rNeg    + . .        o - +0 ring mail
rPois   inf          (no helmet)
rElec   +            (no cloak)
rCorr   .            (no gloves)
SInv    .            g - +2 pair of boots
Will    .....        (no amulet)
Stlth   +            m - +4 ring of protection
HPRegen 0.26/turn    n - ring of protection from fire
MPRegen 0.10/turn

%: no passive effects
@: about to teleport
A: sickness immunity, AC +4, negative energy resistance 1, electricity
resistance, torment resistance 1, petrification resistance
a: no special abilities


You were on level 4 of the Dungeon.
You visited 1 branch of the dungeon, and saw 4 of its levels.

You collected 177 gold pieces.


Innate Abilities, Weirdness & Mutations

You are immune to sickness and miasma.
Your stone body is resilient. (AC +4)
You are immune to poison.
You resist negative energy. (rN+)
You are resistant to electric shocks. (rElec)
You are resistant to unholy torment.
You are immune to petrification.


   Skills:
 - Level 4.0 Fighting
 + Level 6.6 Ranged Weapons
 - Level 1.5 Armour
 - Level 1.5 Dodging
 - Level 1.1 Stealth


You had 5 spell levels left.
You didn't know any spells.
Your spell library was empty.

Inventory:

Hand Weapons
 Y - a +4 shortbow of freezing (weapon)
Armour
 g - a +2 pair of boots (worn)
 o - a +0 ring mail (worn)
Jewellery
 m - a +4 ring of protection (left hand)
 n - a ring of protection from fire (right hand)
Scrolls
 a - a scroll of fear {unknown}
 c - a scroll of identify
 k - a scroll of enchant armour {unknown}
Potions
 d - a potion of lignification {unknown}
 e - a potion of berserk rage {unknown}
 f - a potion of heal wounds
 h - a potion of resistance {unknown}
 i - 3 potions of curing
 j - a potion of magic {unknown}

Dungeon Overview and Level Annotations

Branches:
Dungeon (4/15)
 Temple: D:4-7

Altars:
Yredelemnul


Message History

2594 |||
Found retreat position at 0,-1 (hobgoblin; floor) with 0 blocking monsters and 3 monsters attacking at destination at distance 1 You shoot an arrow.
The arrow hits the scorpion!
The arrow freezes the scorpion.
You kill the scorpion!
The gnoll hits you but does no damage.
The hobgoblin hits you but does no damage.
You shoot an arrow. The arrow closely misses the hobgoblin.
The gnoll hits you but does no damage.
The hobgoblin hits you but does no damage.
The gnoll barely misses you.
A gnoll comes into view. It is wielding a +0 halberd.
The hobgoblin hits you but does no damage.
The gnoll bouda hits you with a +0 club.
The gnoll hits you but does no damage.
2596 |||
Found retreat position at 0,1 (gnoll bouda; floor) with 0 blocking monsters and 4 monsters attacking at destination at distance 1 You shoot an arrow.
The arrow closely misses the gnoll bouda.
The arrow hits the gnoll.
The arrow freezes the gnoll.
You kill the gnoll!
The gnoll barely misses you. The hobgoblin barely misses you.
The gnoll bouda barely misses you.
You shoot an arrow. The arrow hits the gnoll bouda.
The arrow freezes the gnoll bouda.
The gnoll bouda is lightly wounded.
The gnoll hits you from afar with a +0 halberd!
The gnoll misses you.
The gnoll bouda hits you with a +0 club.
The hobgoblin misses you.
You shoot an arrow.
The arrow barely misses the gnoll bouda.
The gnoll closely misses you.
The gnoll hits you from afar with a +0 halberd!
The hobgoblin barely misses you.
The gnoll bouda barks out a call to the hunt!
The gnoll picks up the pace!
2599 ||| READING scroll of teleportation.
As you read the scroll of teleportation, it crumbles to dust.
You feel strangely unstable.
The gnoll hits you from afar with a +0 halberd.
The gnoll hits you from afar with a +0 halberd!
You die...

#.####.# ####### ..# #.#
#.####...... ..# #.#
#........... ..#
#.########.%..... .#
..##......#.#..##### .g#
...######.#......... ...s
#gJ.........>..#### #.g.
##g###.#.#...#..... ..#..#
#@# #.#.###.#.####
#...g.###g###.#...|.......
#...#...g)........)...####
#...g....##.####......#
###..###.##.##...<....#
#.. #.##.##.##.##### ##.
#(##.##.#.....# #.
..##....#..##.# #.
....#####..##.#


You could see a gnoll bouda, 2 gnolls, an endoplasm and a hobgoblin.

Vanquished Creatures
  A scorpion (D:4)
  A hound (D:4)
  An orc priest (D:3)
  2 orc wizards (D:3)
  5 gnolls
  5 adders
  2 worms
  A dart slug (D:1)
  2 orcs (D:3)
  3 ball pythons
  2 endoplasms
  A giant cockroach (D:1)
  5 hobgoblins
  7 jackals
  11 kobolds
  A quokka (D:1)
  2 bats (D:1)
  3 frilled lizards
  4 goblins
  4 rats
63 creatures vanquished.

Notes
Turn   | Place    | Note
-------+----------+-------------------------------------------
     0 | D:1      | qw the Gargoyle Hunter began the quest for the Orb.
     0 | D:1      | Reached XP level 1. HP: 12/12 MP: 1/1
     0 | D:1      | 0 ||| qw: Version: 0.3-a-83-gcd0e7d8
     0 | D:1      | 0 ||| qw: Game counter: 1540
     0 | D:1      | 0 ||| qw: Melee chars always use a shield: true
     0 | D:1      | 0 ||| qw: God list: Okawaru
     0 | D:1      | 0 ||| qw: Allow faded altars: false
     0 | D:1      | 0 ||| qw: Do Orc after clearing Dungeon:15 true
     0 | D:1      | 0 ||| qw: Do second Lair branch before Depths: true
     0 | D:1      | 0 ||| qw: Lair rune preference: random
     0 | D:1      | 0 ||| qw: Goals: Normal
     0 | D:1      | 0 ||| PLANNING D:1-11
   129 | D:1      | Reached XP level 2. HP: 17/17 MP: 2/2
   702 | D:1      | 702 ||| UPGRADING to +2 pair of boots.
   707 | D:1      | 707 ||| READING scroll labelled KAECVU ZUMODIMO.
   708 | D:1      | 708 ||| DROPPING scroll of butterflies.
   728 | D:2      | Found a faded altar of an unknown god.
   848 | D:2      | Reached XP level 3. HP: 21/21 MP: 3/3
   923 | D:2      | Reached skill level 5 in Ranged Weapons
   947 | D:2      | 947 ||| READING scroll labelled KIFFAREPLU.
   958 | D:2      | 958 ||| READING scroll labelled GEBOQO IDOKEA.
   959 | D:2      | 959 ||| FLEEEEING.
  1325 | D:2      | 1325 ||| READING scroll labelled YMYTHA HAUTSU.
  1326 | D:2      | 1326 ||| READING scroll labelled HEOC INOSSA.
  1327 | D:2      | 1327 ||| READING 2 scrolls labelled JEUFOWEXKE.
  1328 | D:2      | 1328 ||| READING scroll of brand weapon.
  1328 | D:2      | 1328 ||| BRANDING +0 shortbow of flaming.
  1329 | D:2      | 1329 ||| READING 2 scrolls labelled UHOESOHEON.
  1330 | D:2      | 1330 ||| READING scroll of enchant weapon.
  1330 | D:2      | 1330 ||| ENCHANTING +1 shortbow of freezing.
  1448 | D:3      | 1448 ||| READING scroll of enchant weapon.
  1448 | D:3      | 1448 ||| ENCHANTING +2 shortbow of freezing.
  1463 | D:3      | Reached skill level 3 in Fighting
  1482 | D:3      | 1482 ||| READING scroll of enchant weapon.
  1482 | D:3      | 1482 ||| ENCHANTING +3 shortbow of freezing.
  1495 | D:3      | 1495 ||| Stepping ~*~*~tactically~*~*~ (retreating).
  1503 | D:3      | Reached XP level 4. HP: 22/28 MP: 4/4
  1506 | D:3      | 1506 ||| FLEEEEING.
  1507 | D:3      | 1507 ||| FLEEEEING.
  1508 | D:3      | 1508 ||| FLEEEEING.
  1509 | D:3      | 1509 ||| FLEEEEING.
  1778 | D:3      | Reached XP level 5. HP: 31/32 MP: 5/5
  1860 | D:3      | Found a basalt altar of Yredelemnul.
  2069 | D:3      | Reached skill level 6 in Ranged Weapons
  2101 | D:3      | 2101 ||| Stepping ~*~*~tactically~*~*~ (retreating).
  2104 | D:3      | Reached skill level 1 in Armour
  2432 | D:3      | 2432 ||| UPGRADING to +0 ring mail.
  2442 | D:3      | 2442 ||| DROPPING +0 leather armour.
  2443 | D:3      | 2443 ||| UPGRADING to +4 ring of protection.
  2444 | D:3      | 2444 ||| UPGRADING to ring of protection from fire.
  2445 | D:3      | 2445 ||| READING scroll labelled YPAIN EHYA.
  2446 | D:3      | 2446 ||| READING 2 scrolls labelled TECREN KACSOADAU.
  2449 | D:3      | 2449 ||| READING scroll labelled NOUREU OD VIBA.
  2450 | D:3      | 2450 ||| DRINKING 2 grey potions.
  2451 | D:3      | 2451 ||| DRINKING 4 silvery potions.
  2452 | D:3      | 2452 ||| DRINKING 2 coppery potions.
  2453 | D:3      | 2453 ||| DROPPING potion of brilliance.
  2546 | D:4      | Reached XP level 6. HP: 38/38 MP: 6/6
  2585 | D:4      | 2585 ||| RETREEAATING.
  2588 | D:4      | 2588 ||| Stepping ~*~*~tactically~*~*~ (retreating).
  2590 | D:4      | 2590 ||| Stepping ~*~*~tactically~*~*~ (retreating).
  2598 | D:4      | HP: 6/38 [gnoll/+0 halberd[a gnoll bouda] (7)]
  2599 | D:4      | 2599 ||| READING scroll of teleportation.
  2599 | D:4      | Slain by a gnoll

Levels and vault maps discovered:
D:1:      saegor_arrival_simple_b, layout_basic
D:2:      layout_basic, ebering_ecumenical_altar_abandoned,
          lexackson_kobold_supper
D:3:      layout_basic, general_overflow_altar
D:4:      layout_basic, jmf_multi_god_temple, lemuel_temple_firewalk_a,
          minmay_misc_feat_hallway, minmay_bisected, uniq_sigmund

Skill      XL: |  1  2  3  4  5 |
---------------+----------------+-----
Ranged Weapons | 5 6 |  6.6
Fighting       | 3 4 |  4.0
Armour         | 1 |  1.5
Dodging        | |  1.5
Stealth        | |  1.1

Action                     |  1- 3 |  4- 6 || total
---------------------------+-------+-------++-------
   Fire: Shortbow          |   116 |    67 ||   183
    Use: Scroll            |    11 |     4 ||    15
         Potion            |       |     3 ||     3
 Armour: Leather armour    |    18 |    11 ||    29
         Ring mail         |       |    24 ||    24
  Dodge: Dodged            |    26 |    17 ||    43

Table legend:
 A = Non-vault XP
 B = Vault XP
 C = Vault XP percentage of total XP
 D = Non-vault monster count
 E = Vault monster count
 F = Vault count percentage of total count
                 A         B        C        D         E       F
            +---------+---------+-------+---------+---------+-------
      Total |     367 |      96 |  20.7 |      54 |       9 |  14.3
            +---------+---------+-------+---------+---------+-------
        D:1 |      30 |       0 |   0.0 |      18 |       0 |   0.0
        D:2 |      15 |       9 |  37.5 |       6 |       8 |  57.1
        D:3 |     250 |       0 |   0.0 |      26 |       0 |   0.0
        D:4 |      72 |      87 |  54.7 |       4 |       1 |  20.0
            +---------+---------+-------+---------+---------+-------
